[Event "Early-Titled-Tuesday-Blitz-October-17-2023"]
[Site "Chess.com"]
[Date "2023.10.17"]
[Round "10"]
[White "dosto07"]
[Black "attack2mateU"]
[Result "0-1"]
[WhiteElo "2546"]
[BlackElo "2714"]
[TimeControl "180+1"]
[EndTime "9:59:23 PDT"]
[Termination "attack2mateU won on time"]

1. e4 c5 2. Nf3 d6 3. Bb5+ Nd7 4. d4 cxd4 5. Qxd4 a6 6. Bxd7+ Bxd7 7. Nc3 Nf6 8. Bg5 Rc8 9. O-O-O Qa5 10. e5 dxe5 11. Nxe5 Be6 12. a3 g6 13. Bxf6 exf6 14. Ng4 Qg5+ 15. Ne3 Bc5 16. Qa4+ Kf8 17. Kb1 Bxe3 18. fxe3 Qxg2 19. e4 Kg7 20. Rhf1 Qxh2 21. Nd5 Rhd8 22. Qb4 Qxc2+ 23. Ka1 Qc4 24. Qd2 Qxe4 25. Nxf6 Rxd2 26.
Nxe4 Rxd1+ 27. Rxd1 h5 28. Nd6 Rb8 29. Ne4 h4 30. Ng5 Kf6 31. Ne4+ Ke5 32. Re1 h3 33. Ng5+ Kf4 34. Nxe6+ fxe6 35. Rxe6 h2 36. Re1 Kg3 0-1

[Event "Early-Titled-Tuesday-Blitz-October-17-2023"]
[Site "Chess.com"]
[Date "2023.10.17"]
[Round "10"]
[White "Kostya0705"]
[Black "Khromkin"]
[Result "1-0"]
[WhiteElo "2636"]
[BlackElo "2516"]
[TimeControl "180+1"]
[EndTime "9:59:23 PDT"]
[Termination "Kostya0705 won by resignation"]

1. e4 c5 2. Nf3 Nc6 3. Nc3 g6 4. d4 cxd4 5. Nxd4 Bg7 6. Be3 Nf6 7. Bc4 O-O 8. Bb3 a5 9. f3 d5 10. exd5 Nb4 11. Nde2 a4 12. Nxa4 Nfxd5 13. Bf2 Rxa4 14.
Bxa4 Qa5 15. O-O Qxa4 16. c3 Nc2 17. b3 Nxc3 18. Nxc3 Qc6 19. Qxc2 Bf5 20. Qe2 Bxc3 21. Rac1 Qf6 22. Rcd1 Ra8 23. a4 Be6 24. Qb5 Be5 25. Qd3 Rc8 26. Bd4 Bxd4+ 27. Qxd4 Qxd4+ 28. Rxd4 Bxb3 29. Rb4 Bd5 30. Rd1 e6 31. a5 Rc2 32. Rb5 Ra2 33.
Rc1 Kg7 34. Rc7 h5 35. Rbc5 h4 36. h3 g5 37. Rd7 Kf6 38. Rcc7 e5 39. Rxd5 Ra1+ 40.
Kf2 Kf5 41. Rxf7+ 1-0

[Event "Early-Titled-Tuesday-Blitz-October-17-2023"]
[Site "Chess.com"]
[Date "2023.10.17"]
[Round "10"]
[White "MerryPoppies"]
[Black "WiktoriaPOL"]
[Result "1-0"]
[WhiteElo "2156"]
[BlackElo "2275"]
[TimeControl "180+1"]
[EndTime "9:59:25 PDT"]
[Termination "MerryPoppies won on time"]

1. d4 Nf6 2. Nf3 g6 3. Bf4 Bg7 4.
e3 O-O 5. Bd3 d6 6. c4 Nbd7 7. Nc3 Re8 8. Bc2 c5 9. O-O Nh5 10. Bg5 Qa5 11. Re1 Rb8 12. Bh4 Nhf6 13. a3 a6 14. Nd5 Nxd5 15. cxd5 cxd4 16. exd4 Nf6 17. Bxf6 Bxf6 18. Bb3 Bg4 19. Re4 Bf5 20. Rf4 Rbc8 21. g4 Bd7 22. h4 Bb5 23. g5 Bg7 24. h5 Bc4 25. h6 Bh8 26. Bxc4 Rxc4 27. Qb3 Qxd5 28. Re1 b5 29. Rfe4 e6 30. Qe3 Qc6 31.
Rd1 d5 32. Rf4 Rc2 33. Ne5 Qc7 34. Rxf7 Qd6 35. Qf3 Rxb2 36. Rxh7 Rf8 37. Rf7 1-0

[Event "Early-Titled-Tuesday-Blitz-October-17-2023"]
[Site "Chess.com"]
[Date "2023.10.17"]
[Round "10"]
[White "temiksmozg"]
[Black "secretsuperstar7"]
[Result "1/2-1/2"]
[WhiteElo "2590"]
[BlackElo "2478"]
[TimeControl "180+1"]
[EndTime "9:59:26 PDT"]
[Termination "Game drawn by repetition"]

1. d4 d5 2. c4 e6 3. cxd5 exd5 4. Nc3 Nf6 5. Bg5 c6 6. Qc2 Be7 7. e3 O-O 8. Bd3 Nbd7 9. Nf3 Re8 10. O-O h6 11. Bh4 Ne4 12. Bxe7 Qxe7 13. Bxe4 dxe4 14. Nd2 Nf6 15. Rab1 Be6 16. b4 Bd5 17. b5 Rac8 18. Qb2 c5 19. Nxd5 Nxd5 20. dxc5 Qxc5 21. Rfc1 Qe7 22.
Nb3 Nb4 23. Qd4 b6 24. a4 Nd3 25. Rxc8 Rxc8 26. f3 Rc2 27. Qxe4 Qg5 28. f4 Qh4 29. Rf1 Ne1 30. Nd4 Rxg2+ 31. Qxg2 Nxg2 32. Kxg2 Qg4+ 33. Kf2 Qh3 34. Nf3 Qc8 35. Nd4 Qh3 36. Nf3 Qe6 37. Ra1 Qb3 38. Kg3 Qxe3 39. Re1 Qb3 40. Re8+ Kh7 41. Re4 Qc2 42. Rd4 Qc7 43. h4 g6 44. Re4 Kg7 45. Rd4 f6 46. Kg2 Qc2+ 47. Kg3 Qc7 48. Kg2 Qb7 49. Kg3 Qc7 1/2-1/2

[Event "Early-Titled-Tuesday-Blitz-October-17-2023"]
[Site "Chess.com"]
[Date "2023.10.17"]
[Round "10"]
[White "LamaChampetre"]
[Black "ExcitingTrap"]
[Result "0-1"]
[WhiteElo "2226"]
[BlackElo "2386"]
[TimeControl "180+1"]
[EndTime "9:59:27 PDT"]
[Termination "ExcitingTrap won by checkmate"]

1. d4 Nf6 2. c4 e6 3. Nf3 d5 4. g3 dxc4 5. Bg2 c5 6. O-O Nc6 7.
Ne5 Nxd4 8. e3 Nc6 9. Nxc6 bxc6 10. Bxc6+ Bd7 11. Bxa8 Qxa8 12. Nc3 Be7 13. f3 O-O 14. e4 Rd8 15. Qe2 e5 16. Qxc4 Be6 17. Qe2 Rd4 18. Rf2 Bc4 19. Qe1 Bd3 20. Be3 Rd8 21. b3 c4 22. bxc4 Bb4 23. Qc1 Bxc4 24. Na4 Rc8 25.
Qb2 Bd6 26. Rc1 Ba6 27. Rxc8+ Qxc8 28. Rc2 Qd7 29. Qb3 h6 30. Rd2 Qc6 31. Nc3 Bc5 32. Nd5 Nxd5 33. exd5 Bxe3+ 34. Qxe3 Qc1+ 35. Kg2 Qf1# 0-1

[Event "Early-Titled-Tuesday-Blitz-October-17-2023"]
[Site "Chess.com"]
[Date "2023.10.17"]
[Round "10"]
[White "Chessbard1972"]
[Black "lluiss"]
[Result "0-1"]
[WhiteElo "2333"]
[BlackElo "2165"]
[TimeControl "180+1"]
[EndTime "9:59:27 PDT"]
[Termination "lluiss won on time"]

1. d4 Nf6 2. Nf3 g6 3. c4 Bg7 4. g3 O-O 5. Bg2 c6 6. Nc3 d5 7. O-O dxc4 8. a4 a5 9. Ne5 Be6 10. e4 Nfd7 11. f4 Nxe5 12. fxe5 Qd7 13. d5 Bg4 14.
Bf3 Bxf3 15. Qxf3 Bxe5 16. Bh6 Bg7 17. Bxg7 Kxg7 18. Rad1 Qd6 19. dxc6 Qc5+ 20. Kh1 Nxc6 21. Rd5 Qa7 22. Nb5 Qb6 23. Qc3+ Kg8 24. Qxc4 Nb4 25. Rd7 Rac8 26. Qb3 e6 27. Nd6 Rc7 28. Nc4 Qc5 29. Rxc7 Qxc7 30. Ne3 Rd8 31. Ng4 Rd3 32. Nf6+ Kh8 0-1

[Event "Early-Titled-Tuesday-Blitz-October-17-2023"]
[Site "Chess.com"]
[Date "2023.10.17"]
[Round "10"]
[White "kritipatel"]
[Black "KorolDimitriy75"]
[Result "1/2-1/2"]
[WhiteElo "2129"]
[BlackElo "2364"]
[TimeControl "180+1"]
[EndTime "9:59:30 PDT"]
[Termination "Game drawn by repetition"]

1. e4 c5 2. c3 d5 3. exd5 Qxd5 4. d4 cxd4 5. cxd4 Nc6 6. Nf3 e5 7. Nc3 Bb4 8. Bd2 Bxc3 9. Bxc3 e4 10. Ne5 Nxe5 11. dxe5 Ne7 12. Be2 O-O 13. O-O Qe6 14. h3 Qg6 15. Qd6 Re8 16. Bb5 Nc6 17.
Rad1 Be6 18. Bxc6 bxc6 19. Qxc6 Bxa2 20. Qxg6 hxg6 21. Rfe1 a5 22. Rxe4 a4 23. Rdd4 Bb3 24. Bb4 Rac8 25. Ba3 Rc2 26. Re3 g5 27. Rg4 f6 28. Rge4 f5 29. Rd4 Re6 30. Rd6 Kf7 31. Rd7+ Kg6 32. Rd6 Kf7 33. Rd7+ Kg6 34. g3 f4 35.
gxf4 gxf4 36. Re4 Kf5 37. Rdd4 Rg6+ 38. Kf1 f3 39. Rf4+ Kxe5 40. Rde4+ Kd5 41. Rd4+ Ke5 42. Rde4+ Kd5 43. Rd4+ Ke5 1/2-1/2

[Event "Early-Titled-Tuesday-Blitz-October-17-2023"]
[Site "Chess.com"]
[Date "2023.10.17"]
[Round "10"]
[White "McCarthyStone"]
[Black "Bilan_Danila"]
[Result "1-0"]
[WhiteElo "2403"]
[BlackElo "2554"]
[TimeControl "180+1"]
[EndTime "9:59:31 PDT"]
[Termination "McCarthyStone won by checkmate"]

1. c4 c6 2. d4 d5 3. Nf3 Nf6 4. e3 e6 5. Bd3 Nbd7 6. b3 Ne4 7.
O-O Bd6 8. Nbd2 f5 9. Bb2 Qf6 10. Qe2 O-O 11. Rfe1 Qh6 12. Ne5 Nxe5 13. dxe5 Bb4 14.
Nf3 Bxe1 15. Rxe1 Bd7 16. Ba3 Rfc8 17. Rc1 Be8 18. Nd4 c5 19. Nc2 b6 20. f3 Nc3 21. Qd2 d4 22. f4 Rd8 23. exd4 cxd4 24.
Bd6 Nxa2 25. Ra1 Nc3 26. Nxd4 Ne4 27. Bxe4 fxe4 28. Qe3 Qg6 29. Rf1 Bd7 30. h4 a5 31.
Ne2 Rdc8 32. Qxb6 a4 33. b4 Rxc4 34. b5 Qe8 35. f5 a3 36. f6 gxf6 37. exf6 Kf7 38.
Qe3 a2 39. Qh6 Qg8 40. Nf4 a1=Q 41. Qh5+ Qg6 42. Nxg6 Qxf1+ 43. Kxf1 hxg6 44. Qh7+ Kxf6 45. Qe7+ Kf5 46. Qg5# 1-0

[Event "Early-Titled-Tuesday-Blitz-October-17-2023"]
[Site "Chess.com"]
[Date "2023.10.17"]
[Round "10"]
[White "Witik"]
[Black "Mesa_1"]
[Result "1-0"]
[WhiteElo "2826"]
[BlackElo "2612"]
[TimeControl "180+1"]
[EndTime "9:59:34 PDT"]
[Termination "Witik won by checkmate"]

1. e4 e6 2. d3 d5 3. Qe2 Nc6 4.
Nf3 e5 5. c3 Nf6 6. Qc2 a5 7.
Be2 Bc5 8. O-O O-O 9. Bg5 Be6 10.
Nxe5 Nxe5 11. d4 Bxd4 12. cxd4 Nc6 13. e5 h6 14. Be3 Nd7 15. Nc3 f6 16. f4 fxe5 17.
fxe5 Qh4 18. Nb5 Rac8 19. Qg6 Qe7 20. Bd3 Rxf1+ 21. Rxf1 Nf8 22. Qg3 Kh8 23. Nc3 Nd8 24. Ne2 Nf7 25. Nf4 g5 26. Nh5 Nd7 27. Nf6 c5 28. h4 cxd4 29. Bxd4 Qb4 30. Qe3 Nxf6 31.
Rxf6 Rc6 32. hxg5 hxg5 33. a3 Qe7 34. Qf3 Kg7 35. Qh5 Kf8 36. Qh8# 1-0

[Event "Early-Titled-Tuesday-Blitz-October-17-2023"]
[Site "Chess.com"]
[Date "2023.10.17"]
[Round "10"]
[White "atalz0"]
[Black "Heinza9"]
[Result "1/2-1/2"]
[WhiteElo "2483"]
[BlackElo "2308"]
[TimeControl "180+1"]
[EndTime "9:59:34 PDT"]
[Termination "Game drawn - insufficient material"]

1. d4 f5 2. g3 Nf6 3. Bg2 g6 4. Nh3 Bg7 5. c4 O-O 6. O-O d6 7. d5 c6 8. Nc3 e5 9. dxe6 Bxe6 10. Qb3 b5 11. Nxb5 cxb5 12. Qxb5 Nbd7 13. Bxa8 Qxa8 14.
Ng5 Bf7 15. Rd1 Rb8 16. Qa6 Rb6 17. Qa4 Nc5 18. Qc2 Qe8 19. Nxf7 Qxf7 20. Rb1 Ng4 21. f3 Ne5 22. b4 Qxc4 23. Qxc4+ Nxc4 24. Bf4 Nb7 25. a4 a6 26. b5 axb5 27. Rxb5 Rxb5 28. axb5 Kf7 29. Rc1 d5 30. e4 fxe4 31. fxe4 Ke6 32. exd5+ Kxd5 33. Rd1+ Bd4+ 34. Kg2 Nbd6 35. Kf3 Nxb5 36. Re1 Ne5+ 37. Bxe5 Bxe5 38. Kg4 h6 39. h4 Nd4 40. h5 g5 41. Ra1 Bd6 42. Ra8 Ne2 43. Rh8 Nxg3 44. Rxh6 Ne4 45. Rg6 Be5 46. Rxg5 Nxg5 47. Kxg5 Ke6 48. Kg6 Bd4 49. h6 Be5 50. h7 Bd4 51. h8=Q Bxh8 1/2-1/2

[Event "Early-Titled-Tuesday-Blitz-October-17-2023"]
[Site "Chess.com"]
[Date "2023.10.17"]
[Round "10"]
[White "Shuvalov"]
[Black "KIEV-1"]
[Result "1-0"]
[WhiteElo "2488"]
[BlackElo "2285"]
[TimeControl "180+1"]
[EndTime "9:59:37 PDT"]
[Termination "Shuvalov won by resignation"]

1. d4 Nf6 2. c4 e6 3. Nc3 d5 4. Nf3 c6 5. e3 Bd6 6. Be2 O-O 7. O-O Nbd7 8. b3 Re8 9. Bb2 a6 10. a4 h6 11. Rc1 Bb4 12. Bd3 Bxc3 13. Bxc3 Ne4 14.
Bb2 f5 15. Qc2 Ndf6 16. Ne5 Nd7 17. f3 Nxe5 18. dxe5 Nc5 19. Be2 b6 20. a5 Nd7 21.
axb6 Qxb6 22. c5 Qb8 23. Bd4 a5 24. Qc3 Ba6 25. Bxa6 Rxa6 26. Ra1 Qb5 27. Ra3 Rea8 28. Rfa1 g5 29. Kh1 Kf7 30. Kg1 h5 31. Kf2 g4 32. f4 h4 33. h3 g3+ 34. Kf3 Kg6 35. Qc2 Kh5 36. Qe2 Qb4 37. Qd3 Nxc5 38. Qc3 Qxc3 39. Bxc3 Ne4 40. Be1 c5 41. Rxa5 Rxa5 42.
Rxa5 Rxa5 43. Bxa5 Kg6 44. Bd8 Kf7 45. Bxh4 Nd2+ 46.
Ke2 Nxb3 47. Bxg3 c4 48. Be1 Nc5 49. g4 Ne4 50. g5 Kg6 51. Bb4 Kh5 52. Kf3 Kg6 53. Ke2 Kh5 54. Kd1 Kg6 55. Kc2 Kh5 56. Kb2 Kg6 57. Ka3 Kh5 58. Ka4 Kg6 59. Kb5 Kh5 60.
Kc6 Kg6 61. Kd7 c3 62. Kxe6 c2 63. Ba3 d4 64. exd4 Nf2 65. h4 Nh3 66. h5+ Kxh5 67. Kxf5 1-0

[Event "Early-Titled-Tuesday-Blitz-October-17-2023"]
[Site "Chess.com"]
[Date "2023.10.17"]
[Round "10"]
[White "zsoltkorpics"]
[Black "LangesNasenhaar"]
[Result "1-0"]
[WhiteElo "2353"]
[BlackElo "2489"]
[TimeControl "180+1"]
[EndTime "9:59:38 PDT"]
[Termination "zsoltkorpics won on time"]

1. e4 Nc6 2. Bb5 d5 3. exd5 Qxd5 4. Bxc6+ Qxc6 5. Qf3 Bd7 6. d4 O-O-O 7. d5 Qg6 8.
Na3 e6 9. Nh3 exd5 10. Nf4 Qe4+ 11. Qxe4 dxe4 12. Nc4 g5 13. Ne2 f6 14. Ng3 Bb5 15.
Ne3 Re8 16. Bd2 Bd6 17. Bc3 Re6 18. O-O-O Ne7 19. Ngf5 Nxf5 20. Nxf5 Bf4+ 21. Kb1 Rf8 22. Nd4 Rb6 23. Ba5 Bd7 24. Bxb6 axb6 25. Rhe1 f5 26. g3 Be5 27. c3 h5 28. Nc2 Bc6 29. Ne3 f4 30.
Nc4 Bg7 31. Nd2 Re8 32. Nb3 e3 33. fxe3 fxe3 34. Nd4 Bg2 35. Nf5 1-0

[Event "Early-Titled-Tuesday-Blitz-October-17-2023"]
[Site "Chess.com"]
[Date "2023.10.17"]
[Round "10"]
[White "ProfessorChess101"]
[Black "crazy_m_attack"]
[Result "0-1"]
[WhiteElo "2550"]
[BlackElo "2454"]
[TimeControl "180+1"]
[EndTime "9:59:42 PDT"]
[Termination "crazy_m_attack won by resignation"]

1. d4 Nf6 2. c4 e6 3. Nc3 d5 4. Nf3 Be7 5. Bf4 O-O 6. e3 c5 7.
dxc5 Bxc5 8. Qc2 Nc6 9. a3 Qa5 10. Rd1 Be7 11. Nd2 Qb6 12. cxd5 exd5 13. Nf3 Bg4 14. Nxd5 Nxd5 15. Rxd5 Rad8 16. Rb5 Nb4 17. axb4 Bxb4+ 18. Rxb4 Qxb4+ 19. Qc3 Qe4 20. Qc1 Rc8 21. Qa1 Qb4+ 22. Nd2 Rfd8 23. e4 Rc2 24. Bc4 Rcxd2 25. O-O Rd1 26. Qa2 Rxf1+ 27. Bxf1 Rd1 28. Qxa7 h6 29.
Qe3 Qb5 30. h3 Qxf1+ 31. Kh2 Qh1+ 32. Kg3 Be6 33. Qb6 Rg1 34. Qd8+ Kh7 35. Be5 Qxg2+ 36. Kf4 Qg5+ 37. Kf3 Qxd8 0-1

[Event "Early-Titled-Tuesday-Blitz-October-17-2023"]
[Site "Chess.com"]
[Date "2023.10.17"]
[Round "10"]
[White "bescmelasti"]
[Black "Sadykov_Ramil"]
[Result "1-0"]
[WhiteElo "2630"]
[BlackElo "2615"]
[TimeControl "180+1"]
[EndTime "9:59:43 PDT"]
[Termination "bescmelasti won on time"]

1. e4 c6 2. d4 d5 3. exd5 cxd5 4.
Bd3 Nc6 5. c3 Nf6 6. h3 g6 7.
Nf3 Bf5 8. Be2 Bg7 9. O-O O-O 10.
Bf4 Ne4 11. Nbd2 Nd6 12. Re1 Na5 13. Bf1 a6 14. Ne5 Rc8 15. g4 Bd7 16. Bg2 e6 17. Nxg6 hxg6 18. Bxd6 Re8 19. Bg3 Bb5 20. Nf3 Nc4 21. Qc2 Qd7 22. a4 Bc6 23. b3 Nd6 24.
Ne5 Qe7 25. Re3 b5 26. Rae1 Bb7 27. axb5 Nxb5 28. Qd2 Qa3 29. c4 Nc7 30. h4 Ba8 31.
c5 Nb5 32. h5 gxh5 33. gxh5 Bh6 34. Ng4 Bg5 35. f4 Be7 36. f5 Nc7 37. f6 Bf8 38. Rf3 Kh8 39. Nh6 Nb5 40. Nxf7+ Kh7 41. Ng5+ Kh8 42.
Nxe6 1-0

[Event "Early-Titled-Tuesday-Blitz-October-17-2023"]
[Site "Chess.com"]
[Date "2023.10.17"]
[Round "10"]
[White "sokidze"]
[Black "BasilSmash"]
[Result "0-1"]
[WhiteElo "2778"]
[BlackElo "2651"]
[TimeControl "180+1"]
[EndTime "9:59:45 PDT"]
[Termination "BasilSmash won by resignation"]

1. e4 e5 2. Nf3 Nc6 3. Bb5 a6 4.
Ba4 Nf6 5. Nc3 b5 6. Bb3 Be7 7. O-O O-O 8. a4 Rb8 9. axb5 axb5 10.
d3 h6 11. h3 d6 12. Be3 Be6 13. Bxe6 fxe6 14. Nh2 Qe8 15. Ng4 Qg6 16. Nxf6+ Bxf6 17. Qg4 Qxg4 18. hxg4 b4 19. Ne2 Ra8 20. b3 Ne7 21. f3 c5 22. Rfb1 Nc6 23. Kf1 Ra3 24. Bc1 Raa8 25. Bb2 Bg5 26. Rxa8 Rxa8 27. Ra1 Rxa1+ 28. Bxa1 Bd2 29. Bb2 Kf7 30. Kf2 Na7 31. g3 Nb5 32. f4 exf4 33. gxf4 Na3 34. c4 Nc2 35. f5 g6 36. Ng3 Be1+ 37. Kf3 Bxg3 38. Kxg3 Ne1 39. d4 Nd3 40. dxc5 dxc5 41. fxe6+ Kxe6 42. Bg7 Nc1 43. Bxh6 Nxb3 44. Bf8 Nd2 45. Kf4 b3 46. Bg7 Nxc4 0-1

[Event "Early-Titled-Tuesday-Blitz-October-17-2023"]
[Site "Chess.com"]
[Date "2023.10.17"]
[Round "10"]
[White "WPWPWP-2015"]
[Black "Aswathchess"]
[Result "0-1"]
[WhiteElo "2569"]
[BlackElo "2666"]
[TimeControl "180+1"]
[EndTime "9:59:47 PDT"]
[Termination "Aswathchess won by checkmate"]

1. e4 g6 2. d4 Bg7 3. c3 d6 4. Be3 Nf6 5. Nd2 O-O 6. Bd3 e5 7. Ne2 Nc6 8. f3 Re8 9. d5 Ne7 10. O-O Nh5 11. c4 c6 12. Rc1 f5 13. b4 f4 14. Bf2 g5 15. dxc6 bxc6 16. Qb3 Kh8 17.
c5 d5 18. b5 Be6 19. Qc2 Nf6 20. a3 g4 21. bxc6 Nxc6 22. exd5 Bxd5 23. Ne4 Rc8 24.
Rfd1 Nxe4 25. Bxe4 Bxe4 26. Qxe4 Qg5 27. Rd5 Ne7 28.
Rd7 Ng6 29. Kh1 Qh5 30. c6 Nf8 31. Rxa7 Ne6 32. Qd5 Ng5 33. fxg4 Qxg4 34. Qd7 Ne6 35. Nc3 Rcd8 36. Qf7 Rf8 37. Qe7 Rde8 38. Qd7 f3 39. g3 Rd8 40. Qe7 Rd2 41. c7 Qh3 42. Rg1 Rxf2 43. Qh4 Rxh2# 0-1

[Event "Early-Titled-Tuesday-Blitz-October-17-2023"]
[Site "Chess.com"]
[Date "2023.10.17"]
[Round "10"]
[White "vishwa_vijeta"]
[Black "MDBIchess"]
[Result "0-1"]
[WhiteElo "2495"]
[BlackElo "2408"]
[TimeControl "180+1"]
[EndTime "9:59:50 PDT"]
[Termination "MDBIchess won on time"]

1. e4 c5 2. Nf3 g6 3. d4 cxd4 4. Nxd4 Nc6 5. c4 Nf6 6. Nc3 d6 7. f3 Nxd4 8. Qxd4 Bg7 9. Be3 O-O 10. Qd2 Bd7 11. Rc1 Qa5 12. Be2 Rfc8 13. O-O a6 14. b3 b5 15. Rfd1 bxc4 16. Bxc4 Be6 17. Bxe6 fxe6 18.
Bd4 Rc6 19. Re1 Rac8 20. e5 Nd5 21. exd6 Bxd4+ 22. Qxd4 Nxc3 23. Qe3 Rxd6 24. Rc2 Rdc6 25. Qh6 Qb6+ 26. Kf1 Qb5+ 27. Kg1 Qh5 28. Qf4 Qf5 29. Qc1 Qc5+ 30. Kh1 Qf5 31. Qa3 Qf6 32. Qxe7 Qxe7 33.
Rd2 Rd6 34. Rc2 Rcd8 35. Rcc1 Rd1 36. Rexd1 Rxd1+ 37. Rxd1 Nxd1 0-1

[Event "Early-Titled-Tuesday-Blitz-October-17-2023"]
[Site "Chess.com"]
[Date "2023.10.17"]
[Round "10"]
[White "KatakuriDono"]
[Black "Ariadna_Atreides"]
[Result "0-1"]
[WhiteElo "2374"]
[BlackElo "2224"]
[TimeControl "180+1"]
[EndTime "9:59:50 PDT"]
[Termination "Ariadna_Atreides won by checkmate"]

1. d4 Nf6 2. c4 e6 3. Nf3 Bb4+ 4. Nbd2 c5 5. dxc5 Bxc5 6. e3 b6 7. Be2 Bb7 8. O-O O-O 9. a3 a5 10. b3 d5 11. cxd5 Bxd5 12. Bb2 Nbd7 13. Bc4 Qe7 14. Bxd5 Nxd5 15. Ne4 Rfd8 16. Nxc5 Nxc5 17. Qe2 Ne4 18. Rac1 Rac8 19. Nd4 Qb7 20. Qg4 Ndf6 21. Qe2 h6 22. h3 Nd5 23. Nb5 Qa6 24. a4 Ndf6 25. Rfd1 Rxc1 26. Rxc1 Rd2 27. Qf3 Rxb2 28. Nc7 Qe2 29. Qxe2 Rxe2 30. f3 Nc5 31. Na8 Nfd7 32.
Nxb6 Nxb6 33. Rxc5 Rxe3 34. Rxa5 Rxb3 35. Ra6 Nd5 36.
a5 Ra3 37. Ra7 Ra2 38. a6 f6 39. Ra8+ Kh7 40. Kh2 Nf4 41. Kg3 g5 42. Kh2 Rxg2+ 43. Kh1 Ra2 44. a7 Nxh3 45. f4 Nxf4 46. Kg1 Nd5 47.
Kh1 h5 48. Kg1 h4 49. Kh1 g4 50. Kg1 g3 51. Kh1 h3 52. Rd8 Ra1# 0-1

[Event "Early-Titled-Tuesday-Blitz-October-17-2023"]
[Site "Chess.com"]
[Date "2023.10.17"]
[Round "10"]
[White "mfwagnerpeixoto"]
[Black "sterpfi"]
[Result "1/2-1/2"]
[WhiteElo "2314"]
[BlackElo "2177"]
[TimeControl "180+1"]
[EndTime "9:59:50 PDT"]
[Termination "Game drawn by repetition"]

1. d4 d5 2. c4 e6 3. Nf3 Nf6 4. g3 dxc4 5. Bg2 c5 6. O-O Nc6 7. dxc5 Qxd1 8. Rxd1 Bxc5 9. Nbd2 c3 10. bxc3 O-O 11. Nb3 Be7 12. c4 Bd7 13. Be3 Rfc8 14. Rab1 Be8 15. Nc5 b6 16. Nd3 Na5 17. Nfe5 Rab8 18.
c5 bxc5 19. Rxb8 Rxb8 20. Nxc5 Rb2 21. Bf1 Rxa2 22. Rb1 Bd6 23. Ncd3 Nc6 24. Nxc6 Bxc6 25. Rc1 Bd7 26. Rb1 h6 27. Rb7 Bc6 28. Rxa7 Rxa7 29. Bxa7 Nd5 30. Bd4 Nb4 31. Nxb4 Bxb4 32. e3 Bd5 33.
Bg2 Bxg2 34. Kxg2 Kf8 35. Bb6 g6 36. Bd4 Ke7 37. h4 h5 38. Bb2 Kd6 39. Kf3 Kd5 40. Bf6 Be1 41. Bb2 Ba5 42. Ke2 Ke4 43. f3+ Kd5 44. e4+ Kc4 45. Bf6 Bb6 46. f4 Bd4 47. Bg5 Kc3 48. Kf3 Kd3 49. Be7 Bc3 50. Bd8 Bd4 51. Be7 Bb6 52. Bd6 Bd4 53. Be7 1/2-1/2

[Event "Early-Titled-Tuesday-Blitz-October-17-2023"]
[Site "Chess.com"]
[Date "2023.10.17"]
[Round "10"]
[White "Gyulamiryan-koryun"]
[Black "Sofia_Blokhin"]
[Result "1-0"]
[WhiteElo "1964"]
[BlackElo "2243"]
[TimeControl "180+1"]
[EndTime "9:59:51 PDT"]
[Termination "Gyulamiryan-koryun won by checkmate"]

1. e4 c5 2. Nf3 d6 3. d4 cxd4 4. Nxd4 a6 5. Be3 Nf6 6. Nc3 e5 7. Nb3 Be7 8. f3 Be6 9. Qd2 O-O 10. O-O-O Nbd7 11. g4 b5 12. h4 Nb6 13. Bxb6 Qxb6 14.
h5 h6 15. g5 Ng4 16. Kb1 Nf2 17. gxh6 Nxh1 18. hxg7 Rfc8 19. Qg2 Nf2 20. Rd2 Bh4 21.
h6 Kh7 22. Nd5 Bxd5 23. exd5 Qe3 24. Re2 Qxh6 25. Rxf2 Bxf2 26. Bd3+ Kg8 27. Qxf2 Qxg7 28. a3 Kf8 29. Qb6 Qf6 30. Be4 Rd8 31. Na5 Qg5 32.
Nc6 Rd7 33. Qf2 f5 34. Bd3 Rf7 35. Qb6 e4 36. fxe4 fxe4 37. Bxe4 Rf1+ 38. Ka2 Qc1 39. Nd4 Qa1+ 40. Kb3 Rf4 41. Qxd6+ Kg7 42. Qxf4 a5 43. Ne6+ Kg8 44. Qg5+ Kf7 45. Qg6+ Ke7 46. Qg7+ Kd6 47.
Qc7# 1-0

[Event "Early-Titled-Tuesday-Blitz-October-17-2023"]
[Site "Chess.com"]
[Date "2023.10.17"]
[Round "10"]
[White "stratacticos"]
[Black "mmDarko"]
[Result "0-1"]
[WhiteElo "1715"]
[BlackElo "2299"]
[TimeControl "180+1"]
[EndTime "9:59:51 PDT"]
[Termination "mmDarko won on time"]

1. e4 e6 2. d4 d5 3. e5 c5 4. c3 Bd7 5. Nf3 Qb6 6. dxc5 Bxc5 7.
Qc2 a5 8. Bd3 Bb5 9. O-O Bxd3 10. Qxd3 Ne7 11. Bg5 Nd7 12. Nbd2 Ng6 13. Nb3 Ndxe5 14.
Nxe5 Nxe5 15. Qg3 Ng6 16. Nxc5 Qxc5 17. h4 f6 18. Be3 Qe7 19. f4 O-O 20. h5 Nh8 21. h6 g6 22. b4 axb4 23. cxb4 Qxb4 24. Rfb1 Qe7 25. Rb5 Rfc8 26. Rab1 Rc7 27. Bb6 Rc2 28. Bd4 Rc7 29. Bb6 Rd7 30. Bc5 Qe8 31. Qb3 Nf7 32. a4 Nxh6 33. a5 Nf7 34. Qb2 Kg7 35. Bd4 e5 36.
fxe5 fxe5 37. Bf2 d4 0-1

[Event "Early-Titled-Tuesday-Blitz-October-17-2023"]
[Site "Chess.com"]
[Date "2023.10.17"]
[Round "10"]
[White "GMKrikor"]
[Black "Keeper0416"]
[Result "1-0"]
[WhiteElo "2824"]
[BlackElo "2610"]
[TimeControl "180+1"]
[EndTime "9:59:52 PDT"]
[Termination "GMKrikor won on time"]

1. Nf3 a6 2. e4 c5 3. c3 d5 4.
exd5 Qxd5 5. d4 e6 6. Bd3 cxd4 7. O-O Nc6 8. Re1 Nf6 9. a3 Be7 10. c4 Qd8 11. b4 O-O 12. Bb2 Bd7 13. Nbd2 Re8 14.
Nb3 Qc7 15. Nbxd4 Nxd4 16. Bxd4 Bc6 17. Ne5 Rad8 18. Bb2 Be4 19. Qc2 Bxd3 20. Nxd3 Ng4 21. g3 Bf6 22. Bxf6 Nxf6 23. Rad1 Rd4 24. c5 Red8 25.
Nb2 h5 26. Nc4 Rxd1 27. Rxd1 Rxd1+ 28. Qxd1 Qc6 29. Qd8+ Kh7 30. Qd3+ Kg8 31. Na5 Qc7 32. Qf3 Nd5 33. Qxh5 b6 34. cxb6 Qc1+ 35. Kg2 Nxb6 36. Qe2 Nd5 37. Nc4 g6 38. Qd3 Kh7 39. h4 Qe1 40. Ne3 Nf6 41. Qc2 1-0

[Event "Early-Titled-Tuesday-Blitz-October-17-2023"]
[Site "Chess.com"]
[Date "2023.10.17"]
[Round "10"]
[White "baki83"]
[Black "The_Machine04"]
[Result "0-1"]
[WhiteElo "2823"]
[BlackElo "2715"]
[TimeControl "180+1"]
[EndTime "9:59:54 PDT"]
[Termination "The_Machine04 won by resignation"]

1. e4 d6 2. Nf3 Nf6 3. Nc3 e5 4. d4 Nbd7 5. Bc4 Be7 6. a4 c6 7. a5 h6 8. O-O Qc7 9. h3 Nf8 10.
Re1 g5 11. d5 Ng6 12. a6 b5 13. Bb3 b4 14. Ba4 Bd7 15. dxc6 Bxc6 16. Nd5 Nxd5 17. Qxd5 Rc8 18. Bxc6+ Qxc6 19. Qxc6+ Rxc6 20. Be3 Kd7 21.
Red1 Ke6 22. Ra4 f5 23. exf5+ Kxf5 24. Bxa7 Ra8 25. Be3 Raxa6 26. Rxa6 Rxa6 27. Rd5 Ke6 28. Rb5 d5 29. Bd2 Rc6 30. Bxb4 Bxb4 31. Rxb4 Rxc2 32.
Rb6+ Kf7 33. g3 e4 34. Rb7+ Ke8 35. Nd4 Rd2 36. Nf5 Kd8 37. Nxh6 Kc8 38. Rb5 Ne5 39. h4 g4 40. h5 Nf3+ 41. Kg2 e3 42. Nxg4 e2 43. Rc5+ Kb7 44. Rc1 Rd1 45. Kxf3 e1=Q 46.
Rxd1 Qxd1+ 47. Kf4 Qd4+ 48. Kg5 Qg7+ 49. Kf5 d4 50. h6 Qd7+ 51. Kg5 d3 52. Nf6 Qe7 53. h7 Qg7+ 54. Kf5 d2 55. Ne8 Qxh7+ 0-1

[Event "Early-Titled-Tuesday-Blitz-October-17-2023"]
[Site "Chess.com"]
[Date "2023.10.17"]
[Round "10"]
[White "MdChess1734"]
[Black "KVAIDAN"]
[Result "1-0"]
[WhiteElo "2429"]
[BlackElo "2285"]
[TimeControl "180+1"]
[EndTime "9:59:54 PDT"]
[Termination "MdChess1734 won by checkmate"]

1. e4 e5 2. Nf3 d5 3. Nxe5 Bd6 4. d4 dxe4 5. Bc4 Bxe5 6. Qh5 Qe7 7. Qxe5 Qxe5 8. dxe5 Nc6 9. Nc3 Bf5 10. Bf4 Nge7 11.
O-O-O Ng6 12. Bg3 Ngxe5 13. Bb5 O-O 14. Rd5 f6 15. Bxc6 bxc6 16. Rc5 Rfe8 17. Re1 Bd7 18. Rxe4 Ng4 19. Rd4 Bc8 20. Rxc6 Nh6 21. Rxc7 Nf5 22. Rd1 Be6 23. b3 a5 24. Kb2 h6 25. Na4 Rac8 26.
Rxc8 Rxc8 27. Nb6 Rc6 28. Nd5 Kh7 29. f3 h5 30. c4 h4 31. Bf2 Bf7 32. Nf4 g5 33. Rd7 Kg8 34. Nd5 Be6 35. Ne7+ Kf7 36. Nxf5+ Bxd7 37. Nd4 Rd6 38. Kc3 f5 39. c5 Rg6 40. a3 Ke8 41. b4 axb4+ 42. axb4 Ra6 43. b5 Ra2 44. Be3 Rxg2 45. c6 Bxc6 46. bxc6 Rxh2 47. Bxg5 h3 48. Nxf5 Rg2 49. Nd6+ Kf8 50. c7 Rxg5 51. c8=Q+ Kg7 52. Qd7+ Kg6 53. Qxh3 Rh5 54. Qe6+ Kg5 55. Qf5+ Kh4 56. Qg4# 1-0